 Seeded DCSS version 0.31-a0-986-g5e6e4ef867 (webtiles) character file.

Game seed: 3451369682634171190 (custom seed)

3206 timneilson the Ruffian (level 9, -4/62 HPs)
             Began as an Octopode Shapeshifter on Nov 24, 2023.
             Was an Initiate of Gozag.
             Slain by Duvessa
             ... wielding a +0 short sword
              (19 damage)
             ... on level 7 of the Dungeon.
             The game lasted 00:13:03 (5905 turns).

timneilson the Ruffian (Octopode Shapeshifter)      Turns: 5905, Time: 00:13:03

Health: -4/62      AC:  5    Str: 17    XL:     9   Next: 97%
Magic:  9/9        EV: 14    Int: 13    God:    Gozag
Gold:   586        SH:  4    Dex: 11    Spells: 8/8 levels left

rFire   . .          .
                       - Unarmed
rCold   . . .        v - +0 buckler
rNeg    + . .        (helmet currently unavailable)
rPois   .            i - amulet of the acrobat
rElec   .            g - +4 ring of protection
rCorr   +            t - ring of positive energy
SInv    .            w - ring of resist corrosion
Will    .....        (no ring)
Stlth   ++++         (no ring)
HPRegen 0.30/turn    (no ring)
MPRegen 0.11/turn    (no ring)
                     (no ring)

%: acrobat
@: beast-form, gold aura
A: beast (slay +3), almost no armour, amphibious, 8 rings, camouflage 1,
gelatinous body 1, (nimble swimmer 1), tentacles
a: Begin Untransformation, Renounce Religion, Potion Petition, Call Merchant,
Bribe Branch


You were on level 7 of the Dungeon.
You worshipped Gozag.
Gozag was pleased with you.
You were a hulking beast.
You visited 1 branch of the dungeon, and saw 7 of its levels.

You collected 657 gold pieces.
You paid 71 gold pieces to Gozag.

Inventory:

Armour
 v - a +0 buckler (worn)
Jewellery
 d - a ring of ice
 g - a +4 ring of protection (left tentacle)
 i - an amulet of the acrobat (around mantle)
 p - a ring of wizardry
 t - a ring of positive energy (right tentacle)
 w - a ring of resist corrosion (on tentacle)
 A - an amulet of regeneration
Talismans
 b - a beast talisman
 c - a flux talisman
Wands
 o - a wand of polymorph (3)
 r - a wand of quicksilver (16)
 s - a wand of flame (22)
 u - a wand of mindburst (23)
 y - a wand of charming (9)
Scrolls
 j - 2 scrolls of poison
 l - 4 scrolls of teleportation
 z - a scroll of fog
Potions
 a - 2 potions of lignification
 e - a potion of haste
 f - 4 potions of brilliance {unknown}
 h - a potion of curing
 m - 2 potions of enlightenment {unknown}
 n - a potion of attraction {unknown}
 q - 2 potions of magic {unknown}


   Skills:
 * Level 6.0 Fighting
 * Level 6.4 Dodging
 + Level 6.2 Stealth
 + Level 2.4 Shields
 * Level 6.7 Unarmed Combat
 + Level 3.3 Evocations
 * Level 6.2 Shapeshifting


You had 8 spell levels left.
You didn't know any spells.
Your spell library contained the following spells:

 Spells                   Type           Power      Damage    Failure   Level
 Ensorcelled Hibernation  Hex/Ice        0%         N/A       52%         2
 Jinxbite                 Hex            0%         N/A       52%         2
 Frozen Ramparts          Ice            0%         1d1       75%         3
 Anguish                  Hex/Necr       0%         N/A       98%         4
 Petrify                  Tmut/Erth      0%         N/A       98%         4
 Metabolic Englaciation   Hex/Ice        0%         N/A       100%        5


Dungeon Overview and Level Annotations

Branches:
Dungeon (7/15)
 Temple: D:4-7

Altars:
Gozag
Okawaru
Ru
Trog
Vehumet
Wu Jian

Shops:
D:1 (=

Annotations:
D:7 Duvessa


Innate Abilities, Weirdness & Mutations

You are a hulking beast.
Your limbs bulge with bestial killing power. (Slay +3)
You cannot wear most types of armour.
You are amphibious.
You can wear up to eight rings at the same time.
Your skin changes colour to match your surroundings (Stealth+).
Your rubbery body absorbs attacks. (AC +1, EV +1)
((You are camouflaged when in or above water. (Stealth+)))
You have tentacles for arms and can constrict up to eight enemies at once.


Message History

Found 13 gold pieces.
Dowan shouts!
Dowan points at you and mumbles some strange words.
The puff of flame hits you.
Duvessa, Sister of Dowan comes into view.
She is wielding a +0 short sword.
Duvessa shouts!
You bludgeon Dowan! Your grab misses Dowan. Your squeeze misses Dowan.
Dowan is heavily wounded.
Dowan hits you with a +0 dagger.
You tentacle-slap Dowan. You grab Dowan. You squeeze Dowan.
Dowan is almost dead.
You constrict Dowan. Dowan hits you with a +0 dagger.
You tentacle-slap Dowan.
You kill Dowan!
Duvessa screams, "No!
How DARE you!"
Duvessa goes berserk!
Your Fighting skill increases to level 6!
You closely miss Duvessa. You grab Duvessa.
You constrict Duvessa, but do no damage.
Duvessa hits you with a +0 short sword.
You tentacle-slap Duvessa. You squeeze Duvessa!
Duvessa is moderately wounded.
You constrict Duvessa, but do no damage.
Duvessa hits you with a +0 short sword. Duvessa hits you with a +0 short sword!
You tentacle-slap Duvessa.
Duvessa is heavily wounded.
You constrict Duvessa. Duvessa hits you with a +0 short sword!
You tentacle-slap Duvessa. You squeeze Duvessa.
Duvessa is heavily wounded.
You constrict Duvessa. Duvessa hits you with a +0 short sword!
* * * LOW HITPOINT WARNING * * *
You feel much better.
You constrict Duvessa.
Duvessa hits you with a +0 short sword! x2
* * * LOW HITPOINT WARNING * * *
You bludgeon Duvessa!
Duvessa is almost dead.
You constrict Duvessa.
Duvessa hits you with a +0 short sword!!
You die...
Your body crumbles into a pile of gold.

#.. #.. #.. #.# #.## #..
#e# ##h# ######## #..#
.......# #.#.## .#####.####
.$###.#####.#.#
.##.......####.#...........
....##.##.# #.....###.##.
########### #####.# ##.##
#...#


You could see Duvessa (berserk).

Vanquished Creatures
  Prince Ribbit (D:5)
  Grinder (D:5)
  Sigmund (D:4)
  Eustachio (D:4)
  Menkaure (D:5)
  3 ice beasts
  A sky beast (D:7)
  A black bear (D:3)
  2 phantoms
  4 bullfrogs
  A gnoll sergeant (D:4)
  2 scorpions
  Dowan (D:7)
  9 wights
  2 howler monkeys
  4 hounds
  A jelly (D:4)
  An orc priest (D:6)
  2 sleepcaps
  Ijyb (D:5)
  10 orc wizards (D:6)
  Terence (D:3)
  9 gnolls
  5 adders
  5 shadow imps
  A worm (D:3)
  6 dart slugs
  11 orcs
  6 ball pythons
  4 endoplasms
  5 giant cockroaches
  6 hobgoblins
  8 jackals
  2 quokkas
  2 bats (D:1)
  A frilled lizard (D:2)
  6 goblins
  4 kobolds
  7 rats
139 creatures vanquished.

Notes
Turn   | Place    | Note
-------+----------+-------------------------------------------
     0 | D:1      | timneilson the Octopode Shapeshifter began the quest for
                  | the Orb.
     0 | D:1      | Reached XP level 1. HP: 13/13 MP: 1/1
   329 | D:1      | Reached XP level 2. HP: 18/18 MP: 2/2
   430 | D:1      | Found a faded altar of an unknown god.
   431 | D:1      | Noticed a golden eye
   433 | D:1      | Noticed an eye of devastation
   433 | D:1      | Noticed a glass eye
   433 | D:1      | Noticed a golden eye
   533 | D:1      | Found Juceetep's Jewellery Shop.
   667 | D:1      | Reached skill level 1 in Stealth
   795 | D:1      | Found Mylaamin's Weapon Shop.
   803 | D:1      | Reached XP level 3. HP: 22/24 MP: 3/3
   918 | D:2      | Identified a scroll of acquirement
   918 | D:2      | Acquired a +4 ring of protection
  1285 | D:2      | Reached XP level 4. HP: 29/29 MP: 4/4
  1659 | D:3      | Noticed a black bear
  1681 | D:3      | Killed a black bear
  1682 | D:3      | Reached XP level 5. HP: 28/35 MP: 5/5
  1720 | D:3      | Found an ornate altar of the Wu Jian Council.
  1722 | D:3      | Found an iron altar of Okawaru.
  1723 | D:3      | Found a bloodstained altar of Trog.
  1890 | D:3      | Noticed Terence
  1896 | D:3      | Killed Terence
  1897 | D:3      | Reached XP level 6. HP: 38/41 MP: 6/6
  2272 | D:4      | Noticed Sigmund
  2288 | D:4      | Killed Sigmund
  2289 | D:4      | Reached XP level 7. HP: 44/46 MP: 7/7
  2779 | D:4      | Noticed Eustachio
  2784 | D:4      | Killed Eustachio
  3169 | D:5      | Entered Level 5 of the Dungeon
  3190 | D:5      | Noticed Prince Ribbit
  3212 | D:5      | Noticed Menkaure
  3219 | D:5      | Killed Menkaure
  3220 | D:5      | Reached skill level 1 in Evocations
  3286 | D:5      | Noticed Grinder
  3294 | D:5      | Paralysed by Grinder for 3 turns
  3305 | D:5      | Killed Grinder
  3306 | D:5      | Reached skill level 5 in Unarmed Combat
  3306 | D:5      | Reached XP level 8. HP: 15/54 MP: 8/8
  3458 | D:5      | Noticed Ijyb
  3611 | D:5      | Found an opulent altar of Gozag.
  3619 | D:5      | Became a worshipper of Gozag Ym Sagoz the Greedy
  3660 | D:5      | Found a radiant altar of Vehumet.
  3667 | D:5      | Reached skill level 5 in Shapeshifting
  3692 | D:5      | Killed Ijyb
  3739 | D:5      | Reached skill level 5 in Dodging
  4010 | D:5      | Killed Prince Ribbit
  4011 | D:5      | Reached skill level 5 in Stealth
  4288 | D:6      | Reached XP level 9. HP: 45/60 MP: 9/9
  4364 | D:6      | Reached skill level 5 in Fighting
  4380 | D:6      | Reached skill level 1 in Shields
  5482 | D:7      | Found a sacrificial altar of Ru.
  5894 | D:7      | Noticed Dowan
  5896 | D:7      | Noticed Duvessa
  5899 | D:7      | Killed Dowan
  5905 | D:7      | Slain by Duvessa

Illustrated notes

Levels and vault maps discovered:
D:1:      spicycebolla_green_bress_n_ham, layout_basic,
          hellmonk_ecumenical_altar_watching_god, serial_shops,
          nicolae_shop_gaudy_bauble, shop
D:2:      layout_loops_ring
D:3:      layout_loops_cross, grunt_temple_overflow_open,
          hangedman_decor_opposing, corexii_hall_statues_l, uniq_terence
D:4:      layout_basic, uniq_eustachio, uniq_sigmund
D:5:      layout_cave_pools, mainiacjoe_overflow_catch_the_wave,
          uniq_prince_ribbit1, uniq_grinder, uniq_menkaure, uniq_ijyb
D:6:      minmay_flawed_box, layout_gridville, hangedman_decor_riveting
D:7:      layout_loops_cross, kennysheep_mini, grunt_ashenzari_visionary
          [grunt_ashenzari_visionary_swamp, grunt_ashenzari_visionary_snake],
          minmay_temple_entry_trees, uniq_crazy_yiuf_cottage, uniq_duvessa

Skill      XL: |  1  2  3  4  5  6  7  8  9 |
---------------+----------------------------+-----
Stealth        | 1 2 3 4 5 6 |  6.2
Fighting       | 2 3 4 6 |  6.0
Dodging        | 3 4 5 6 |  6.4
Unarmed Combat | 4 5 6 |  6.7
Shapeshifting  | 4 5 6 |  6.2
Evocations     | 1 2 3 |  3.3
Shields        | 2 |  2.4

Action                     |  1- 3 |  4- 6 |  7- 9 || total
---------------------------+-------+-------+-------++-------
  Melee: Unarmed           |    65 |    83 |   232 ||   380
         Constrict         |    11 |    21 |    50 ||    82
         Tentacles         |     7 |    13 |    53 ||    73
         Punch             |     2 |     5 |    13 ||    20
    Use: Scroll            |     3 |     3 |     4 ||    10
         Potion            |       |       |     1 ||     1
   Stab: Sleeping          |     6 |     9 |     8 ||    23
 Armour: Skin              |    32 |    27 |   124 ||   183
  Dodge: Dodged            |    40 |    49 |   123 ||   212
  Block: Buckler           |       |       |    11 ||    11

Table legend: (Time is in decaauts)
 A = Elapsed time spent in this place.
 B = Non-inter-level travel time spent in this place.
 C = Inter-level travel time spent in this place.
 D = Time resting spent in this place.
 E = Time spent auto-exploring this place.
 F = Levels seen in this place.
 G = Mean time per level.
                   A        B        C        D        E       F      G
               +--------+--------+--------+--------+--------+-----+--------+
         Total |   5875 |   5729 |    146 |    668 |   3409 |   7 |  839.3 |
       Dungeon |   5875 |   5729 |    146 |    668 |   3409 |   7 |  839.3 |
               +--------+--------+--------+--------+--------+-----+--------+

Top non-repeatable levels by time:
     D:6: 1212 daAuts
     D:4: 1065 daAuts
     D:5: 958 daAuts
     D:1: 888 daAuts
     D:3: 676 daAuts
     D:2: 643 daAuts
     D:7: 430 daAuts
